[Event "Late-Titled-Tuesday-Blitz-November-28-2023"]
[Site "Chess.com"]
[Date "2023.11.28"]
[Round "2"]
[White "Squirlolz"]
[Black "HanSchut"]
[Result "0-1"]
[WhiteElo "2584"]
[BlackElo "2295"]
[TimeControl "180+1"]
[EndTime "14:14:56 PST"]
[Termination "HanSchut won by resignation"]

1. d4 Nf6 2. Bf4 d5 3. e3 e6 4.
Bd3 Bd6 5. Nf3 b6 6. Qe2 Bb7 7. Nbd2 Ne4 8. O-O O-O 9. c4 Bxf4 10. exf4 Nxd2 11. Nxd2 dxc4 12. Nxc4 Qxd4 13. Rad1 Qxf4 14. Rfe1 Nc6 15. Be4 Rad8 16. g3 Qf6 17. Qe3 Rxd1 18. Rxd1 Rd8 19. Rxd8+ Qxd8 20. Qf3 Nd4 21. Bxh7+ Kxh7 22. Qxb7 Qd5 23. Qxc7 Nf3+ 24. Kf1 Qxc4+ 25. Qxc4 Nd2+ 0-1

[Event "Late-Titled-Tuesday-Blitz-November-28-2023"]
[Site "Chess.com"]
[Date "2023.11.28"]
[Round "2"]
[White "vladgoncharov"]
[Black "AsaHoffmann"]
[Result "1-0"]
[WhiteElo "2621"]
[BlackElo "2341"]
[TimeControl "180+1"]
[EndTime "14:14:59 PST"]
[Termination "vladgoncharov won by resignation"]

1. d4 Nf6 2. c4 c5 3. d5 e5 4. Nc3 d6 5. g3 Be7 6. Bg2 O-O 7. Nf3 Ne8 8. O-O f5 9. e4 Nf6 10. exf5 Bxf5 11. Nd2 Qd7 12. Nde4 Bh3 13. Nxf6+ Bxf6 14. Ne4 Bxg2 15. Kxg2 Qe7 16. Qb3 b6 17. Be3 Nd7 18.
Qd3 a6 19. a3 Rab8 20. b4 h6 21. bxc5 bxc5 22. Rab1 Bg5 23. Bxg5 hxg5 24. h3 Nf6 25. Nxg5 e4 26. Qe3 Qe5 27. Ne6 Rfe8 28. Rfe1 Rxb1 29. Rxb1 Rxe6 30. dxe6 Qxe6 31. Qf4 Qxc4 32. Qxd6 Qd3 33. Qe6+ Kh7 34. Qf5+ Kh6 35. Rb8 1-0

[Event "Late-Titled-Tuesday-Blitz-November-28-2023"]
[Site "Chess.com"]
[Date "2023.11.28"]
[Round "2"]
[White "ArtemDyachuk"]
[Black "promen1999"]
[Result "1-0"]
[WhiteElo "2563"]
[BlackElo "2855"]
[TimeControl "180+1"]
[EndTime "14:15:06 PST"]
[Termination "ArtemDyachuk won by resignation"]

1. e4 d6 2. d4 g6 3. c3 Bg7 4.
Bd3 e5 5. Ne2 Nc6 6. O-O Nf6 7. h3 O-O 8. Nd2 d5 9. exd5 Nxd5 10.
Nf3 Re8 11. Bc4 e4 12. Ne5 Nxe5 13. dxe5 c6 14. Bxd5 cxd5 15. Bf4 Bxe5 16. Bxe5 Rxe5 17. Qd4 Qe7 18. Rfe1 Qg5 19. Ng3 Be6 20. Re3 f6 21. Kh2 a6 22. Rf1 Rc8 23. b3 h5 24. f4 exf3 25.
Rexf3 Rf8 26. h4 Qg4 27. Rf4 1-0

[Event "Late-Titled-Tuesday-Blitz-November-28-2023"]
[Site "Chess.com"]
[Date "2023.11.28"]
[Round "2"]
[White "vi_pranav"]
[Black "NikolasTheiss"]
[Result "1-0"]
[WhiteElo "3057"]
[BlackElo "2616"]
[TimeControl "180+1"]
[EndTime "14:15:07 PST"]
[Termination "vi_pranav won by resignation"]

1. e4 c5 2. Nf3 Nc6 3. Bb5 Nd4 4. Nxd4 cxd4 5. O-O e6 6. d3 a6 7. Bc4 b5 8. Bb3 Bc5 9. Nd2 Ne7 10. f4 f5 11.
Qf3 Bb7 12. Qe2 O-O 13. Kh1 Rf6 14. Nf3 Rh6 15. Bd2 Qe8 16. Rae1 Qh5 17. h3 Rf8 18. Ne5 Qe8 19. Qf2 d6 20. Nf3 fxe4 21. dxe4 d3 22. Qg3 dxc2 23. f5 Rh5 24. Bc3 g5 25. Bxe6+ Rf7 26.
Nxg5 Kf8 27. Nxf7 Qc6 28. Qg7+ Ke8 29. Qh8+ Ng8 30. Qxg8+ 1-0

[Event "Late-Titled-Tuesday-Blitz-November-28-2023"]
[Site "Chess.com"]
[Date "2023.11.28"]
[Round "2"]
[White "PNEPaul"]
[Black "tolimachess"]
[Result "0-1"]
[WhiteElo "1864"]
[BlackElo "2377"]
[TimeControl "180+1"]
[EndTime "14:15:07 PST"]
[Termination "tolimachess won on time"]

1. e4 c5 2. Nf3 Nc6 3. d4 cxd4 4. c3 dxc3 5. Nxc3 e6 6. Bf4 a6 7. Bd3 Nge7 8. Qe2 Ng6 9. Bg3 Bc5 10. e5 d5 11. Rd1 b5 12. a3 Bb7 13. Bb1 Rc8 14. h4 h6 15. h5 Nge7 16. Ne4 dxe4 17. Rxd8+ Rxd8 18. Bxe4 Nd5 19. Bxd5 Rxd5 20. O-O O-O 21.
b4 Bb6 22. Rd1 Rfd8 23. Rxd5 Rxd5 24. Kh2 Ne7 25. Qc2 Nf5 26. Qb2 Kf8 27. a4 Ke7 28. axb5 axb5 29. Qc3 Kd7 30. Bf4 Bxf2 31. Qb2 Bb6 32. Qe2 Nd4 0-1

[Event "Late-Titled-Tuesday-Blitz-November-28-2023"]
[Site "Chess.com"]
[Date "2023.11.28"]
[Round "2"]
[White "Aradhya2000"]
[Black "Goffredo_Fofi"]
[Result "1-0"]
[WhiteElo "2719"]
[BlackElo "2505"]
[TimeControl "180+1"]
[EndTime "14:15:09 PST"]
[Termination "Aradhya2000 won by resignation"]

1. d4 g6 2. c4 Bg7 3. Nf3 d6 4. Nc3 Nf6 5. g3 O-O 6. Bg2 Nc6 7. O-O a6 8. b3 Rb8 9. d5 Na5 10. Bg5 c5 11. dxc6 Nxc6 12. Rc1 Bf5 13. Qd2 Ne4 14. Nxe4 Bxe4 15. Qe3 Bxf3 16. Bxf3 Re8 17. Rfd1 Qa5 18. Qd2 Qxd2 19. Rxd2 Nd4 20. Bg2 Ne6 21. Be3 b5 22. cxb5 axb5 23. h4 b4 24. h5 Bc3 25. Rdc2 Nc5 26.
h6 Kf8 27. Bxc5 dxc5 28. a4 Rb6 29. a5 Ra6 30. Ra2 Rb8 31. Rd1 c4 32. Bd5 cxb3 33.
Bxb3 Rd6 34. Rxd6 exd6 35. a6 Ra8 36. e3 Ra7 37. Kf1 Ke8 38. Ke2 Bf6 39. Kd3 Bg5 40. Kc4 Bxh6 41. Kb5 1-0

[Event "Late-Titled-Tuesday-Blitz-November-28-2023"]
[Site "Chess.com"]
[Date "2023.11.28"]
[Round "2"]
[White "Mikasinski"]
[Black "el_sporco"]
[Result "1-0"]
[WhiteElo "2706"]
[BlackElo "2453"]
[TimeControl "180+1"]
[EndTime "14:15:10 PST"]
[Termination "Mikasinski won by resignation"]

1. e4 c5 2. Nf3 d6 3. d4 cxd4 4. Nxd4 Nf6 5. Nc3 a6 6. Rg1 e5 7. Nb3 h5 8. h3 h4 9. Be3 Be6 10. Qf3 Nbd7 11. O-O-O Rc8 12. Kb1 b5 13. Nd5 Bxd5 14.
exd5 Nb6 15. g4 hxg3 16. fxg3 Qc7 17. Bxb6 Qxb6 18. Bd3 a5 19. g4 a4 20. Nd2 Qb7 21. g5 Nd7 22. Rdf1 f6 23. gxf6 Nxf6 24. Qf5 Rc7 25. Qe6+ Kd8 26. Rxf6 Qb6 27. Rgf1 Be7 28. Rf7 a3 29. Bf5 Qd4 30. bxa3 Rh6 31. Bg6 Rh8 32. Rf8+ 1-0

[Event "Late-Titled-Tuesday-Blitz-November-28-2023"]
[Site "Chess.com"]
[Date "2023.11.28"]
[Round "2"]
[White "Schwindle"]
[Black "LaGuayabaAlbizuista"]
[Result "1-0"]
[WhiteElo "2383"]
[BlackElo "1960"]
[TimeControl "180+1"]
[EndTime "14:15:11 PST"]
[Termination "Schwindle won by resignation"]

1. e4 e6 2. d4 d5 3. Nd2 c5 4.
Ngf3 Nc6 5. Bb5 dxe4 6. Nxe4 Qd5 7.
Nc3 Qd8 8. Ne5 Bd7 9. Nxd7 Qxd7 10. d5 exd5 11. Nxd5 Bd6 12. O-O Nge7 13. Re1 Rd8 14. Bg5 O-O 15. Nxe7+ Bxe7 16. Qxd7 Rxd7 17. Bxc6 bxc6 18.
Bxe7 Re8 19. Bxc5 Rb8 20. Rad1 Rdb7 21. b3 h6 22. h3 a5 23. a4 Rc8 24. Rd6 Rcc7 25.
Re8+ Kh7 26. Rdd8 Kg6 27. g4 f6 28. f4 Re7 29. Rxe7 1-0

[Event "Late-Titled-Tuesday-Blitz-November-28-2023"]
[Site "Chess.com"]
[Date "2023.11.28"]
[Round "2"]
[White "ChessSwole"]
[Black "egnfanclub"]
[Result "1-0"]
[WhiteElo "2677"]
[BlackElo "2339"]
[TimeControl "180+1"]
[EndTime "14:15:16 PST"]
[Termination "ChessSwole won by resignation"]

1. e4 e5 2. Nf3 Nc6 3. Bb5 a6 4. Ba4 d6 5. O-O Bg4 6. Bxc6+ bxc6 7. d4 Bxf3 8. Qxf3 Qf6 9. Qc3 Ne7 10. dxe5 Qxe5 11. Qxe5 dxe5 12. Nd2 Ng6 13. Nc4 Bd6 14. Rd1 Ke7 15. Be3 Ke6 16. Rd3 Rhd8 17. Rad1 Be7 18.
Na5 Rxd3 19. Rxd3 c5 20. b3 Nf4 21. Rd2 Bd6 22. g3 Ng6 23. Kg2 Ne7 24. Rd3 g6 25. Rc3 f5 26. f3 Rd8 27. Nb7 Rd7 28. Nxc5+ Bxc5 29. Rxc5 fxe4 30. fxe4 Nc8 31. Rc6+ Rd6 32. Rxc7 1-0

[Event "Late-Titled-Tuesday-Blitz-November-28-2023"]
[Site "Chess.com"]
[Date "2023.11.28"]
[Round "2"]
[White "AryanTari"]
[Black "dcremisi"]
[Result "1-0"]
[WhiteElo "2975"]
[BlackElo "2577"]
[TimeControl "180+1"]
[EndTime "14:15:22 PST"]
[Termination "AryanTari won by checkmate"]

1. Nf3 Nf6 2. d3 b6 3. e4 Bb7 4. e5 Nd5 5. c4 Nb4 6. a3 N4c6 7. d4 e6 8. d5 Ne7 9. Nc3 Ng6 10. h4 h5 11. Bd3 Ne7 12. Bg5 Qc8 13.
d6 Nec6 14. Nb5 cxd6 15. exd6 Na6 16. b4 f6 17. Bg6+ Kd8 18. Qd2 Ncxb4 19. Ne5 Qc5 20.
Nf7+ Kc8 21. axb4 Nxb4 22. Be3 Qc6 23. Qxb4 Qxg2 24. Nxa7+ Rxa7 25. Rxa7 Qxh1+ 26. Kd2 Rg8 27. Qxb6 Qc6 28. Qd8# 1-0

[Event "Late-Titled-Tuesday-Blitz-November-28-2023"]
[Site "Chess.com"]
[Date "2023.11.28"]
[Round "2"]
[White "Sl4werThanYou"]
[Black "Thormento16"]
[Result "0-1"]
[WhiteElo "2670"]
[BlackElo "2387"]
[TimeControl "180+1"]
[EndTime "14:15:31 PST"]
[Termination "Thormento16 won by checkmate"]

1. d4 d5 2. c4 e6 3. Nf3 Nf6 4.
Nc3 Be7 5. Bg5 O-O 6. e3 Nbd7 7. Qc2 h6 8. h4 dxc4 9. Bxc4 a6 10. a4 c5 11. Rd1 cxd4 12. Rxd4 Qc7 13. Ba2 Rd8 14. Bb1 Nf8 15. Bf4 Qa5 16. O-O Rxd4 17. Nxd4 Bd7 18. Rd1 Rc8 19. Nb3 Qb6 20. a5 Qb4 21. Rd4 Rc4 22.
Rxc4 Qxc4 23. Ne4 Qd5 24. Nxf6+ Bxf6 25. Nc5 Bc6 26. e4 Qd8 27. b4 Bxh4 28. Nxa6 bxa6 29. Qxc6 Qd1+ 30. Kh2 Qxb1 31. Qxa6 Bxf2 32. Qd6 Qxe4 33. a6 Qe2 34. Bg3 Qh5+ 35. Bh4 Qxh4# 0-1

[Event "Late-Titled-Tuesday-Blitz-November-28-2023"]
[Site "Chess.com"]
[Date "2023.11.28"]
[Round "2"]
[White "Ellaijio_B"]
[Black "zverr1"]
[Result "1-0"]
[WhiteElo "2784"]
[BlackElo "2523"]
[TimeControl "180+1"]
[EndTime "14:15:36 PST"]
[Termination "Ellaijio_B won on time"]

1. e4 c5 2. Nf3 g6 3. d4 cxd4 4. Nxd4 Nc6 5. Nc3 Bg7 6. Be3 Nf6 7.
Bc4 Qa5 8. O-O O-O 9. Bb3 d6 10. h3 Bd7 11. Re1 Rac8 12. Nf3 Qd8 13. Qd2 a6 14. Bh6 Na5 15. Bxg7 Kxg7 16. Rad1 Nxb3 17. axb3 Qa5 18. e5 dxe5 19. Nxe5 Be6 20. Qg5 Rfd8 21. Rxd8 Rxd8 22. Nxf7 Rd5 23. Ne5 Bf7 24. Qe3 Qc7 25.
Nxf7 Kxf7 26. Nxd5 Nxd5 27. Qe6+ Kg7 28. Qxd5 Qxc2 29.
Rxe7+ Kh6 30. Re1 Qxb2 31. Qxb7 a5 32. Qd5 1-0

[Event "Late-Titled-Tuesday-Blitz-November-28-2023"]
[Site "Chess.com"]
[Date "2023.11.28"]
[Round "2"]
[White "eljanov"]
[Black "qeeqer"]
[Result "1-0"]
[WhiteElo "2872"]
[BlackElo "2542"]
[TimeControl "180+1"]
[EndTime "14:15:37 PST"]
[Termination "eljanov won on time"]

1. d4 e6 2. Nf3 b6 3. e4 Bb7 4. Bd3 Nf6 5. Qe2 Be7 6. O-O c5 7. c3 O-O 8. a3 cxd4 9. cxd4 Nc6 10. Nc3 Rc8 11. e5 Ne8 12. Re1 d6 13. Bf4 dxe5 14. dxe5 Nd4 15. Nxd4 Qxd4 16. Bg3 g6 17. Rad1 Qc5 18.
Be4 Bxe4 19. Nxe4 Qc6 20. Bf4 Nc7 21. Bg5 Bxg5 22. Nxg5 Nd5 23. Ne4 Qc2 24. Rd2 Qc4 25. Qg4 h5 26. Qf3 Rc6 27. h4 Rfc8 28. g3 1-0

[Event "Late-Titled-Tuesday-Blitz-November-28-2023"]
[Site "Chess.com"]
[Date "2023.11.28"]
[Round "2"]
[White "PowerThinking2650"]
[Black "drdaro"]
[Result "0-1"]
[WhiteElo "2454"]
[BlackElo "2241"]
[TimeControl "180+1"]
[EndTime "14:15:39 PST"]
[Termination "drdaro won by resignation"]

1. e4 Nc6 2. Nf3 d6 3. d4 g6 4. d5 Nb8 5. c4 Bg7 6. Nc3 Bg4 7. Be2 Nd7 8. h3 Bxf3 9. Bxf3 Ngf6 10. O-O O-O 11. Be3 c5 12. Be2 a6 13. a4 e6 14. f4 exd5 15. cxd5 Re8 16. Bf3 Qa5 17. Re1 Qb4 18. Qc2 b5 19. g4 c4 20. g5 Nh5 21.
Bxh5 gxh5 22. e5 dxe5 23. f5 f6 24. Ne4 Rf8 25. axb5 axb5 26. Rxa8 Rxa8 27. g6 Qxe1+ 28. Kh2 Qxe3 29. gxh7+ Kxh7 0-1

[Event "Late-Titled-Tuesday-Blitz-November-28-2023"]
[Site "Chess.com"]
[Date "2023.11.28"]
[Round "2"]
[White "SmirnovTimofey2000"]
[Black "Jahonas"]
[Result "0-1"]
[WhiteElo "2068"]
[BlackElo "2402"]
[TimeControl "180+1"]
[EndTime "14:15:42 PST"]
[Termination "Jahonas won by resignation"]

1. d4 Nf6 2. Bf4 e6 3. e3 d5 4.
Nd2 Bd6 5. Bg3 a6 6. Ngf3 Nbd7 7. Ne5 h5 8. h4 Ng4 9. Nxg4 Bxg3 10. fxg3 hxg4 11. Qxg4 g6 12. h5 Nf6 13. Qf3 Rxh5 14. Rxh5 Nxh5 15. O-O-O Qg5 16. g4 Nf6 17. Be2 Bd7 18. Rh1 Ke7 19. c4 Bc6 20. c5 e5 21.
Nb3 Ne4 22. Rh7 Rf8 23. dxe5 Qxe5 24. Nd4 Ng5 25. Nxc6+ bxc6 26. Qf4 Qxf4 27. exf4 Nxh7 28. Bxa6 Ra8 29. Bb7 Rxa2 30. Bxc6 Ra1+ 31. Kc2 Nf6 32. g5 Nh5 33. Bxd5 Nxf4 34. Bf3 Ne6 35. c6 Nd4+ 36. Kd3 Nxf3 37. gxf3 Kd6 38. f4 Ra5 0-1

[Event "Late-Titled-Tuesday-Blitz-November-28-2023"]
[Site "Chess.com"]
[Date "2023.11.28"]
[Round "2"]
[White "nitpicker"]
[Black "AlexPapasimakopoulos"]
[Result "0-1"]
[WhiteElo "2324"]
[BlackElo "2676"]
[TimeControl "180+1"]
[EndTime "14:15:44 PST"]
[Termination "AlexPapasimakopoulos won by resignation"]

1. d4 e6 2. c4 Nf6 3. g3 Bb4+ 4. Bd2 Be7 5. Bg2 d5 6. Nf3 O-O 7. Qc2 c6 8. O-O Ne4 9. Bf4 Nd7 10. Rd1 g5 11. Bc1 f5 12. Nc3 g4 13. Nd2 Nxc3 14. Qxc3 Nf6 15. f3 h5 16. Nf1 Bd7 17. Bf4 Be8 18.
h3 Bg6 19. hxg4 hxg4 20. Kf2 Bd6 21. Be5 gxf3 22. exf3 Bxe5 23. dxe5 Nd7 24. f4 Bh5 25. Rd2 Qb6+ 26. Qe3 Kf7 27. Rc1 Rfc8 28. Rdc2 Nc5 29. Kg1 Nd3 30. c5 Qa6 31. Rd1 Bxd1 0-1

[Event "Late-Titled-Tuesday-Blitz-November-28-2023"]
[Site "Chess.com"]
[Date "2023.11.28"]
[Round "2"]
[White "Matthew_Clarke"]
[Black "szachmistrz2500"]
[Result "1-0"]
[WhiteElo "2262"]
[BlackElo "2462"]
[TimeControl "180+1"]
[EndTime "14:15:44 PST"]
[Termination "Matthew_Clarke won by resignation"]

1. e4 c5 2. Nf3 d6 3. Bb5+ Bd7 4. Bxd7+ Qxd7 5. c4 Nc6 6. d4 cxd4 7. Nxd4 g6 8. Nc3 Bg7 9. Be3 Nf6 10. f3 Rc8 11. b3 O-O 12. O-O Nxd4 13. Bxd4 a6 14. Qd3 Qc6 15.
a4 Rfe8 16. a5 Nd7 17. Be3 Nc5 18. Qc2 Ne6 19. Rfd1 Nc7 20. Rac1 Ne6 21. Nd5 Nc5 22. b4 Nd7 23. Qe2 e6 24. b5 axb5 25. cxb5 exd5 26. bxc6 bxc6 27. Qa6 dxe4 28. Rxc6 Ra8 29. Qb7 Ne5 30. Rc7 exf3 31. Bd4 Rxa5 32. Bxe5 Bxe5 33. Rxf7 Ra2 34. Rxf3 Rb2 35. Qf7+ 1-0

[Event "Late-Titled-Tuesday-Blitz-November-28-2023"]
[Site "Chess.com"]
[Date "2023.11.28"]
[Round "2"]
[White "Zampronha1971"]
[Black "maurovargas01"]
[Result "1-0"]
[WhiteElo "2372"]
[BlackElo "1842"]
[TimeControl "180+1"]
[EndTime "14:15:44 PST"]
[Termination "Zampronha1971 won on time"]

1. e4 d5 2. exd5 Qxd5 3. Nc3 Qa5 4. d4 c6 5. Nf3 Nf6 6. Bc4 Bg4 7. h3 Bh5 8. g4 Bg6 9. Ne5 Nbd7 10. Qe2 Nxe5 11. dxe5 Nd5 12. Bd2 Nxc3 13. Bxc3 Qc7 14. O-O-O e6 15.
h4 h6 16. f4 Bc5 17. Kb1 a5 18. Bd3 b5 19. f5 exf5 20. gxf5 Bh7 21. f6 g6 22. e6 O-O-O 23. exf7 Qxf7 24. Bxa5 Rhe8 25. Qf3 Kb7 26. Bxb5 Rxd1+ 27. Rxd1 Qe6 28. a3 Bg8 29. Bxc6+ Qxc6 30. Rd7+ Ka6 31. Qxc6+ Kxa5 32. Qxc5+ 1-0

[Event "Late-Titled-Tuesday-Blitz-November-28-2023"]
[Site "Chess.com"]
[Date "2023.11.28"]
[Round "2"]
[White "dropstoneDP"]
[Black "Alohamora11"]
[Result "1-0"]
[WhiteElo "2969"]
[BlackElo "2576"]
[TimeControl "180+1"]
[EndTime "14:15:47 PST"]
[Termination "dropstoneDP won by checkmate"]

1. e4 c5 2. Nf3 g6 3. d4 cxd4 4. Nxd4 Nc6 5. c4 Nf6 6. Nc3 d6 7. Be2 Nxd4 8. Qxd4 Bg7 9. Be3 O-O 10. Qd3 Qa5 11. O-O Be6 12. Bd4 Rfc8 13. b3 Nd7 14.
Bxg7 Kxg7 15. f4 Qc5+ 16. Kh1 a6 17. f5 Ne5 18. Qd2 Bd7 19. Nd5 Re8 20. Nxe7 f6 21. Nd5 g5 22. Rad1 Rad8 23. b4 Qc6 24. Qd4 Qa4 25.
Nxf6 Kxf6 26. Qxd6+ Kg7 27. f6+ Kf7 28. Bh5+ Ng6 29.
Qd5+ Be6 30. Qxg5 Rxd1 31. Rxd1 Qxb4 32. Qh6 Kxf6 33. e5+ Kxe5 34. Qg5+ Bf5 35. Rd5+ Ke6 36.
Qxf5+ Ke7 37. Rd7# 1-0

[Event "Late-Titled-Tuesday-Blitz-November-28-2023"]
[Site "Chess.com"]
[Date "2023.11.28"]
[Round "2"]
[White "FM_Kappeler"]
[Black "SanchezKelvin"]
[Result "0-1"]
[WhiteElo "2323"]
[BlackElo "2524"]
[TimeControl "180+1"]
[EndTime "14:15:50 PST"]
[Termination "SanchezKelvin won by resignation"]

1. d4 Nf6 2. c4 e6 3. g3 c5 4. d5 exd5 5. cxd5 d6 6. Nc3 g6 7. Nf3 Bg7 8. Bg2 O-O 9. O-O Re8 10. Nd2 a6 11. a4 Nbd7 12. h3 Rb8 13. a5 Nh5 14.
Nc4 Ne5 15. Nb6 f5 16. e4 fxe4 17. Nxe4 Nf7 18. Re1 Bf5 19. Nc3 Rxe1+ 20. Qxe1 Qf8 21. g4 Re8 22. Qf1 Ne5 23. gxh5 Bxh3 24. Bxh3 Nf3+ 25.
Kh1 Re1 26. Be6+ Kh8 27. Be3 Rxf1+ 28. Rxf1 Nd4 29. hxg6 Qf3+ 30. Kh2 Be5+ 0-1

[Event "Late-Titled-Tuesday-Blitz-November-28-2023"]
[Site "Chess.com"]
[Date "2023.11.28"]
[Round "2"]
[White "KorolDimitriy75"]
[Black "colegiodemadrid"]
[Result "0-1"]
[WhiteElo "2306"]
[BlackElo "2491"]
[TimeControl "180+1"]
[EndTime "14:15:53 PST"]
[Termination "colegiodemadrid won on time"]

1. d4 e6 2. c4 Nf6 3. Nc3 d5 4. Bg5 Be7 5. cxd5 exd5 6. e3 c6 7. Bd3 Nbd7 8. Qc2 h6 9. Bh4 Nh5 10.
Bxe7 Qxe7 11. Nge2 Nb6 12. O-O O-O 13. Rae1 Be6 14.
f3 Bd7 15. e4 dxe4 16. fxe4 c5 17. e5 cxd4 18. Nxd4 Qc5 19. Qf2 Rad8 20. Bb1 Bc8 21. Nf3 Qxf2+ 22. Rxf2 Nf4 23. Rd2 Rxd2 24. Nxd2 Rd8 25.
Nde4 Nc4 26. b3 Na3 27. Nd6 f6 28. Nxc8 Rxc8 29. Ne4 fxe5 30. Nd6 Rd8 31. Nxb7 Rd2 32. Be4 Nb5 33. a4 Nd4 34. b4 Nde2+ 35. Kf1 Nc3 36.
Bc6 Nd3 37. b5 Nxe1 38. Kxe1 Re2+ 39. Kf1 Rb2 40. Nc5 Kf8 41. Nd3 Rb1+ 42. Kf2 Nxa4 43.
Nxe5 Nc3 44. Nd7+ Ke7 0-1

[Event "Late-Titled-Tuesday-Blitz-November-28-2023"]
[Site "Chess.com"]
[Date "2023.11.28"]
[Round "2"]
[White "DAVIDHDZSTS"]
[Black "liwadas82"]
[Result "1-0"]
[WhiteElo "2004"]
[BlackElo "2369"]
[TimeControl "180+1"]
[EndTime "14:15:54 PST"]
[Termination "DAVIDHDZSTS won on time"]

1. d4 Nf6 2. Nc3 e6 3. Bf4 g6 4.
e3 Bg7 5. h4 h5 6. Nf3 b6 7. e4 d6 8. Bd3 Ba6 9. Bg5 Bxd3 10.
Qxd3 Qc8 11. e5 dxe5 12. Nxe5 O-O 13. Qf3 Nbd7 14. Nc6 Re8 15. O-O-O a6 16. Rhe1 b5 17. Kb1 Ng4 18. Ne7+ Rxe7 19. Bxe7 Rb8 20. d5 b4 21. dxe6 fxe6 22. Ne4 Nde5 23. Qf4 Nc4 24. Rd8+ Qxd8 25. Bxd8 Nxb2 26. Bxc7 Rf8 27. Qg5 Nc4 28. Qxg6 Na3+ 29. Kc1 Kh8 30. Qxh5+ Bh6+ 31. Kd1 Rf5 32. Ng5 1-0

[Event "Late-Titled-Tuesday-Blitz-November-28-2023"]
[Site "Chess.com"]
[Date "2023.11.28"]
[Round "2"]
[White "Arifarsky"]
[Black "Schattman"]
[Result "1-0"]
[WhiteElo "2743"]
[BlackElo "2422"]
[TimeControl "180+1"]
[EndTime "14:15:58 PST"]
[Termination "Arifarsky won on time"]

1. e4 c5 2. Nf3 e6 3. c3 d5 4. e5 d4 5. g3 Ne7 6. Bg2 Bd7 7. cxd4 cxd4 8. Nxd4 Nbc6 9. Nb5 Nf5 10. d4 a6 11. N5c3 Nfxd4 12. O-O Be7 13. f4 g6 14. Be3 Nf5 15. Bf2 Qa5 16. Nd2 Bc5 17. Nc4 Bxf2+ 18. Rxf2 Qc5 19. Nd2 Rd8 20. Nde4 Qb6 21.
Nf6+ Ke7 22. Qe1 h5 23. Na4 Qb4 24. Nc3 Qb6 25. Nfd5+ 1-0

[Event "Late-Titled-Tuesday-Blitz-November-28-2023"]
[Site "Chess.com"]
[Date "2023.11.28"]
[Round "2"]
[White "Artem_Koval"]
[Black "Ali_rastbod"]
[Result "0-1"]
[WhiteElo "2523"]
[BlackElo "2784"]
[TimeControl "180+1"]
[EndTime "14:16:01 PST"]
[Termination "Ali_rastbod won by resignation"]

1. e4 d6 2. d4 Nf6 3. Nc3 g6 4. Bg5 Nbd7 5. Qd2 c6 6. O-O-O Qa5 7. Kb1 Bg7 8. Bh6 Bxh6 9. Qxh6 b5 10. Bd3 b4 11. Nce2 c5 12. Nf3 cxd4 13. Nexd4 Nc5 14. e5 dxe5 15. Bb5+ Bd7 16. Bxd7+ Ncxd7 17. Nb3 Qc7 18. Rhe1 a5 19. Nbd2 O-O-O 20. Qg7 Rdf8 21. Qh6 Kb8 22. Qe3 Rc8 23. Rc1 Nd5 24. Qb3 e6 25. Nc4 Qxc4 0-1

[Event "Late-Titled-Tuesday-Blitz-November-28-2023"]
[Site "Chess.com"]
[Date "2023.11.28"]
[Round "2"]
[White "cthulhuuu"]
[Black "jamengrand"]
[Result "1-0"]
[WhiteElo "2489"]
[BlackElo "2301"]
[TimeControl "180+1"]
[EndTime "14:16:01 PST"]
[Termination "cthulhuuu won by resignation"]

1. e4 Nc6 2. Nf3 e5 3. Bb5 a6 4. Bxc6 dxc6 5. O-O f6 6. d4 Bg4 7. dxe5 Qxd1 8. Rxd1 fxe5 9. Rd3 Bd6 10. Nbd2 Nf6 11.
Nc4 O-O 12. Nfxe5 Be2 13. Re3 Bxc4 14. Nxc4 Ng4 15. Re2 Bxh2+ 16. Kf1 Bg3 17. f3 h5 18.
Bg5 h4 19. Kg1 Nf6 20. Rd1 Rad8 21. Red2 Rxd2 22. Rxd2 Rf7 23. Ne3 Nh7 24. Rd8+ Rf8 25. Be7 Rxd8 26. Bxd8 Kf8 27. Nf5 g5 28. Nxg3 hxg3 29.
Bxc7 Kf7 30. Bxg3 Ke6 31. Kf2 Nf6 32. Ke3 c5 33. Bc7 b5 34. Bd8 Nh7 35. b3 Kd7 36.
Ba5 Nf6 37. c4 Ke6 38. cxb5 axb5 39. a4 c4 40. axb5 cxb3 41. Bc3 Nd7 42. Kd4 Kd6 43. Kc4 Nb6+ 44. Kxb3 Kc5 45. Bd2 Kxb5 46. Bxg5 Nc4 47.
Kc3 Kc5 48. Be7+ 1-0

[Event "Late-Titled-Tuesday-Blitz-November-28-2023"]
[Site "Chess.com"]
[Date "2023.11.28"]
[Round "2"]
[White "Rodalquilar"]
[Black "GlavkonVVS"]
[Result "1-0"]
[WhiteElo "2741"]
[BlackElo "2515"]
[TimeControl "180+1"]
[EndTime "14:16:05 PST"]
[Termination "Rodalquilar won by resignation"]

1. d4 Nf6 2. Nf3 c5 3. c3 e6 4. Bf4 d5 5. e3 Nc6 6. Nbd2 Bd6 7. Bg3 O-O 8. Bd3 b6 9. e4 dxe4 10. Nxe4 Be7 11. dxc5 bxc5 12. Nxf6+ Bxf6 13. Qe2 Bb7 14. O-O Ne7 15. Rad1 Qb6 16. Nd2 Rfd8 17. Nc4 Qc6 18.
f3 Ba6 19. Be4 Nd5 20. Bd3 Qa4 21. Bf2 Rac8 22. Qe4 g6 23. Rfe1 Bb7 24. Nd6 Qxe4 25. Nxe4 Be7 26. a4 a5 27. Bb5 f5 28. Nd2 Kf7 29. Nc4 Ra8 30. Ne5+ Kg7 31. Nc6 Rd6 32. Nxe7 1-0

[Event "Late-Titled-Tuesday-Blitz-November-28-2023"]
[Site "Chess.com"]
[Date "2023.11.28"]
[Round "2"]
[White "JiiHart"]
[Black "Haykoooo0o"]
[Result "0-1"]
[WhiteElo "2120"]
[BlackElo "2418"]
[TimeControl "180+1"]
[EndTime "14:16:08 PST"]
[Termination "Haykoooo0o won on time"]

1. e4 c6 2. d4 d5 3. Nd2 dxe4 4.
Nxe4 Nd7 5. Ng5 h6 6. Ne6 Qb6 7.
Nxf8 Nxf8 8. Nf3 Bf5 9. Bd3 Bxd3 10. Qxd3 Nf6 11. O-O Ng6 12. b3 O-O 13. Bb2 e6 14. c4 Rfd8 15. Qe3 Rd7 16. h3 Rad8 17. Rfe1 Qc7 18. g3 b5 19. Kg2 Qb7 20. Rab1 a5 21.
Ba1 Qa8 22. d5 cxd5 23. Bxf6 gxf6 24. Qxh6 dxc4 25. bxc4 bxc4 26. Rb5 Rd3 27. Re3 Rxe3 28. fxe3 Rd2+ 29. Kg1 Rxa2 30. e4 Qd8 31. Qc1 Kg7 32.
Rb2 Rxb2 33. Qxb2 Qd3 34. Kf2 Qxe4 35. Qc3 Qd5 0-1

[Event "Late-Titled-Tuesday-Blitz-November-28-2023"]
[Site "Chess.com"]
[Date "2023.11.28"]
[Round "2"]
[White "WindWhistler11"]
[Black "jcibarra"]
[Result "0-1"]
[WhiteElo "2556"]
[BlackElo "2907"]
[TimeControl "180+1"]
[EndTime "14:16:09 PST"]
[Termination "jcibarra won by resignation"]

1. Nf3 Nf6 2. c4 g6 3. b3 Bg7 4. Bb2 O-O 5. Na3 d6 6. e3 e5 7.
d3 Nh5 8. Qc1 f5 9. Be2 Nc6 10.
Nc2 Qe8 11. Nd2 g5 12. Nb1 g4 13. Nc3 f4 14. Qd2 a5 15. a3 Be6 16. Nd5 Qf7 17.
O-O-O Bxd5 18. cxd5 Qxd5 19. Bxg4 Nf6 20. Bf3 Qxb3 21.
exf4 exf4 22. Qxf4 Ne4 23. Qxe4 Bxb2+ 24. Kd2 Bc3+ 25.
Ke3 Rae8 0-1

[Event "Late-Titled-Tuesday-Blitz-November-28-2023"]
[Site "Chess.com"]
[Date "2023.11.28"]
[Round "2"]
[White "LUISMIGUELOV"]
[Black "wanyaland"]
[Result "0-1"]
[WhiteElo "2203"]
[BlackElo "2448"]
[TimeControl "180+1"]
[EndTime "14:16:13 PST"]
[Termination "wanyaland won on time"]

1. e4 c5 2. d4 cxd4 3. c3 dxc3 4. Nxc3 e6 5. Nf3 a6 6. Bc4 Ne7 7. Bg5 h6 8. Be3 Nbc6 9. Qe2 Ng6 10. h4 Be7 11. h5 Nge5 12. Bb3 b5 13. O-O Bb7 14.
Rfd1 O-O 15. Rac1 Rc8 16. a3 d6 17. Nxe5 Nxe5 18. f4 Nc4 19. Bd4 Qa5 20. Qg4 e5 21. Bxc4 exd4 22. Bxf7+ Rxf7 23. Nd5 Rxc1 24. Rxc1 Bxd5 25.
exd5 Qd2 26. Rc8+ Bf8 27. f5 Qe3+ 28. Kh1 Qg5 29. Qxd4 Rxf5 30. Qe4 Rf1+ 31. Kh2 Qxh5+ 32. Kg3 Qe5+ 33. Qxe5 dxe5 34. d6 Rd1 35. d7 Rxd7 36.
Kf3 Rd4 37. g4 a5 38. b3 a4 39. bxa4 bxa4 40. g5 hxg5 41. Ra8 g4+ 42. Kg3 Kf7 43.
Kh4 Be7+ 44. Kh5 g3 45. Rf8+ Kxf8 46. Kg6 g2 0-1